 Dungeon Crawl Stone Soup version 0.28-a0-674-gdaf460b524 (webtiles) character file.

Game seed: 904077373717397293

2136 demibob the Fighter (level 9, -4/81 HPs)
             Began as a Gnoll Wanderer on Oct 17, 2021.
             Was a Follower of Okawaru.
             Slain by an orc warrior (23 damage)
             ... on level 6 of the Dungeon.
             The game lasted 00:10:21 (7917 turns).

demibob the Fighter (Gnoll Wanderer)                Turns: 7917, Time: 00:10:22

Health: -4/81      AC:  9    Str: 14    XL:     9   Next: 30%
Magic:  15/15      EV: 12    Int:  9    God:    Okawaru [*.....]
Gold:   156        SH:  0    Dex: 15    Spells: 16/16 levels left

rFire   . . .      SeeInvis .   a - +2 lajatang (venom)
rCold   . . .      Faith    .   (shield currently unavailable)
rNeg    . . .      Spirit   .   c - +0 ring mail
rPois   .          Reflect  .   l - +2 helmet
rElec   .          Harm     .   (no cloak)
rCorr   .          Rampage  .   (no gloves)
Will    .....                   (no boots)
Stlth   +++.......              (no amulet)
HPRegen 0.23/turn               (no ring)
MPRegen 0.14/turn               (no ring)

@: no status effects
A: fangs 1, strong nose, distributed training
a: Renounce Religion, Heroism


You were on level 6 of the Dungeon.
You worshipped Okawaru.
Okawaru was aware of your devotion.
You visited 2 branches of the dungeon, and saw 7 of its levels.

You collected 156 gold pieces.


Innate Abilities, Weirdness & Mutations

You have very sharp teeth.
Your uncanny sense of smell can sniff out nearby items.
Your experience applies equally to all skills.


   Skills:
 + Level 11.2 Fighting
 + Level 4.1 Short Blades
 + Level 4.9 Long Blades
 + Level 4.1 Axes
 + Level 4.1 Maces & Flails
 + Level 4.1 Polearms
 + Level 4.1 Staves
 + Level 4.1 Slings
 + Level 4.9 Bows
 + Level 4.1 Crossbows
 + Level 4.1 Throwing
 + Level 4.9 Armour
 + Level 4.1 Dodging
 + Level 5.9 Stealth
 + Level 4.1 Shields
 + Level 4.1 Unarmed Combat
 + Level 4.1 Spellcasting
 + Level 3.3 Conjurations
 + Level 3.3 Hexes
 + Level 3.3 Summonings
 + Level 3.3 Necromancy
 + Level 3.3 Translocations
 + Level 3.3 Transmutations
 + Level 3.3 Fire Magic
 + Level 3.3 Ice Magic
 + Level 3.3 Air Magic
 + Level 3.3 Earth Magic
 + Level 3.3 Poison Magic
 + Level 4.5 Invocations
 + Level 4.1 Evocations


You had 16 spell levels left.
You didn't know any spells.
Your spell library contained the following spells:

 Spells                   Type           Power      Damage    Failure   Level
 Portal Projectile        Hex/Tloc       14%        N/A       36%         3
 Fulminant Prism          Conj/Hex       3%         3d6       78%         4
 Iskenderun's Mystic Bla  Conj/Tloc      7%         2d4       78%         4
 Blade Hands              Tmut           3%         N/A       98%         5
 Excruciating Wounds      Necr           3%         N/A       98%         5
 Lee's Rapid Deconstruct  Erth           3%         3d6*      98%         5

Inventory:

Hand Weapons
 a - a +2 lajatang of venom (weapon)
 d - a +3 dagger
 f - a +0 falchion of protection
Armour
 c - a +0 ring mail (worn)
 l - a +2 helmet (worn)
Scrolls
 e - 3 scrolls of teleportation {@r2}
 g - a scroll of immolation
 i - 2 scrolls of identify {@r1}
 j - a scroll of enchant weapon
 o - a scroll of magic mapping
 p - a scroll of fear
Potions
 k - a potion of mutation
 m - a potion of brilliance
 n - a potion of resistance

Dungeon Overview and Level Annotations

Branches:
Dungeon (6/15)             Temple (1/1) D:5

Altars:
Cheibriados
Dithmenos
Gozag
Hepliaklqana
Kikubaaqudgha
Makhleb
Nemelex Xobeh
Okawaru
Qazlal
Ru
Sif Muna
Trog
Vehumet
Wu Jian
Xom
Yredelemnul
Zin

Shops:
D:2 (

Annotations:
D:3 Dazliare's ghost, amateur MiGl

#.# #.# #(# .# #.##.# #.# ((.
#.##.# #.# #(# ####. #.#
##.#### .(. ....##.# ##.....#
###.###.#.#.# #...#..#
#...(.#.....#######......###
.#.8.8.#..o.@.......)........
....8(((......#######.#...###
.#.8.8.#.#...## ##.###.)#
#.....#†##.## ##.#.###.##
###.###.##.# #.#...###.#
#.....(.##.# ##.#.###.##
#..####....# ##.###.## ...
####.# ##.#.## Z#. #.# ##.##


You could see an orc warrior (berserk, very poisoned).


Message History

The orc warrior is lightly wounded.
The orc warrior throws a boomerang.
The boomerang completely misses you.
You throw a poisoned dart. The poisoned dart hits the orc warrior.
The orc warrior looks as sick as possible!
The orc warrior is lightly wounded.
Nothing quivered!
Nothing quivered!
The orc warrior drinks a potion.
The orc warrior goes berserk!
The orc warrior barely misses you. The orc warrior closely misses you.
The orc warrior misses you.
You hit the orc warrior but do no damage.
The orc warrior is moderately wounded.
The orc warrior barely misses you.
You closely miss the orc warrior.
The orc warrior is heavily wounded.
The orc warrior hits you with a +0 halberd!
The orc warrior hits you with a +0 halberd.
* * * LOW HITPOINT WARNING * * *
Unknown command.
Unknown command.
The orc warrior hits you from afar with a +0 halberd!
* * * LOW HITPOINT WARNING * * *
The orc warrior hits you from afar with a +0 halberd.
* * * LOW HITPOINT WARNING * * *
You can't see any enemies this would affect, really read the scroll of fear?
Okay, then.
Unknown command.
The orc warrior rages.
The orc warrior hits you from afar with a +0 halberd!!
You die...

Skill      XL: |  1  2  3  4  5  6  7  8 |
---------------+-------------------------+-----
Fighting       | 11 | 11.2
Invocations    | 1 2 3 4 |  4.5
Short Blades   | 1 2 4 |  4.1
Axes           | 1 2 4 |  4.1
Maces & Flails | 1 2 4 |  4.1
Polearms       | 1 2 4 |  4.1
Staves         | 1 2 4 |  4.1
Slings         | 1 2 4 |  4.1
Crossbows      | 1 2 4 |  4.1
Throwing       | 1 2 4 |  4.1
Dodging        | 1 2 4 |  4.1
Shields        | 1 2 4 |  4.1
Unarmed Combat | 1 2 4 |  4.1
Spellcasting   | 1 2 4 |  4.1
Evocations     | 1 2 4 |  4.1
Long Blades    | 3 4 |  4.9
Bows           | 3 4 |  4.9
Armour         | 3 4 |  4.9
Conjurations   | 1 2 3 |  3.3
Hexes          | 1 2 3 |  3.3
Summonings     | 1 2 3 |  3.3
Necromancy     | 1 2 3 |  3.3
Translocations | 1 2 3 |  3.3
Transmutations | 1 2 3 |  3.3
Fire Magic     | 1 2 3 |  3.3
Ice Magic      | 1 2 3 |  3.3
Air Magic      | 1 2 3 |  3.3
Earth Magic    | 1 2 3 |  3.3
Poison Magic   | 1 2 3 |  3.3
Stealth        | 5 |  5.9

Action                   |  1- 3 |  4- 6 |  7- 9 || total
-------------------------+-------+-------+-------++-------
Melee: Falchion          |    92 |    80 |    20 ||   192
       Bite              |     8 |    14 |    17 ||    39
       Lajatang          |       |       |   150 ||   150
       Punch             |       |       |     1 ||     1
Throw: Dart              |       |    19 |    34 ||    53
  Use: Scroll            |     3 |     5 |     6 ||    14
       Potion            |       |     3 |       ||     3
 Stab: Sleeping          |     1 |     1 |     2 ||     4
       Distracted        |     1 |       |     1 ||     2
Armor: Ring mail         |    38 |    29 |    85 ||   152
Dodge: Dodged            |    50 |    42 |   120 ||   212

Levels and vault maps discovered:
D:1:      scummos_arrival_gate, layout_basic
D:2:      layout_basic, serial_shops, nicolae_shop_waterfront,
          minmay_close_crescents
D:3:      layout_loops_ring, ebering_ghost_inner_flame, uniq_jessica,
          uniq_grinder, uniq_sigmund
D:4:      layout_layer_cave, uniq_robin
D:5:      layout_gridville, mainiacjoe_overflow_alcove_4,
          minmay_temple_entry_hall
D:6:      layout_loops_corners, ebering_ghost_sewer_f, minmay_chambers_of_fives
Temple:   minmay_crystal_snake_temple

Notes
Turn   | Place    | Note
-------+----------+-------------------------------------------
     0 | D:1      | Reached skill level 10 in Fighting
     0 | D:1      | demibob the Gnoll Wanderer began the quest for the Orb.
     0 | D:1      | demibob set off with the following items: a +2 dagger, a
                  | scroll of blinking, a +0 ring mail, a +0 falchion
     0 | D:1      | Reached XP level 1. HP: 29/29 MP: 1/1
   270 | D:1      | Reached XP level 2. HP: 36/36 MP: 2/2
   963 | D:1      | Reached XP level 3. HP: 34/42 MP: 3/3
  1281 | D:2      | Reached skill level 1 in Invocations
  1535 | D:2      | Reached skill level 1 in Short Blades
  1535 | D:2      | Reached skill level 1 in Axes
  1535 | D:2      | Reached skill level 1 in Maces & Flails
  1535 | D:2      | Reached skill level 1 in Polearms
  1535 | D:2      | Reached skill level 1 in Staves
  1535 | D:2      | Reached skill level 1 in Slings
  1535 | D:2      | Reached skill level 1 in Crossbows
  1535 | D:2      | Reached skill level 1 in Throwing
  1535 | D:2      | Reached skill level 1 in Dodging
  1535 | D:2      | Reached skill level 1 in Shields
  1535 | D:2      | Reached skill level 1 in Unarmed Combat
  1535 | D:2      | Reached skill level 1 in Spellcasting
  1535 | D:2      | Reached skill level 1 in Evocations
  1691 | D:2      | Found Vibbi's Antique Weapon Emporium.
  1962 | D:2      | Reached XP level 4. HP: 34/48 MP: 5/5
  2853 | D:3      | Noticed Sigmund
  2877 | D:3      | Killed Sigmund
  2878 | D:3      | Reached skill level 3 in Long Blades
  2878 | D:3      | Reached skill level 3 in Bows
  2878 | D:3      | Reached skill level 3 in Armour
  2878 | D:3      | Reached skill level 1 in Conjurations
  2878 | D:3      | Reached skill level 1 in Hexes
  2878 | D:3      | Reached skill level 1 in Summonings
  2878 | D:3      | Reached skill level 1 in Necromancy
  2878 | D:3      | Reached skill level 1 in Translocations
  2878 | D:3      | Reached skill level 1 in Transmutations
  2878 | D:3      | Reached skill level 1 in Fire Magic
  2878 | D:3      | Reached skill level 1 in Ice Magic
  2878 | D:3      | Reached skill level 1 in Air Magic
  2878 | D:3      | Reached skill level 1 in Earth Magic
  2878 | D:3      | Reached skill level 1 in Poison Magic
  2878 | D:3      | Reached skill level 2 in Invocations
  2878 | D:3      | Reached XP level 5. HP: 43/54 MP: 5/7
  2878 | D:3      | Reached XP level 6. HP: 48/61 MP: 5/8
  3031 | D:3      | Noticed Jessica
  3040 | D:3      | Killed Jessica
  3325 | D:3      | Noticed Grinder
  3364 | D:3      | Paralysed by Grinder for 2 turns
  3367 | D:3      | Killed Grinder
  3368 | D:3      | Reached skill level 2 in Short Blades
  3368 | D:3      | Reached skill level 2 in Axes
  3368 | D:3      | Reached skill level 2 in Maces & Flails
  3368 | D:3      | Reached skill level 2 in Polearms
  3368 | D:3      | Reached skill level 2 in Staves
  3368 | D:3      | Reached skill level 2 in Slings
  3368 | D:3      | Reached skill level 2 in Crossbows
  3368 | D:3      | Reached skill level 2 in Throwing
  3368 | D:3      | Reached skill level 2 in Dodging
  3368 | D:3      | Reached skill level 2 in Shields
  3368 | D:3      | Reached skill level 2 in Unarmed Combat
  3368 | D:3      | Reached skill level 2 in Spellcasting
  3368 | D:3      | Reached skill level 2 in Evocations
  3368 | D:3      | Reached XP level 7. HP: 26/67 MP: 8/10
  3725 | D:3      | Found a runed translucent door.
  3725 | D:3      | Noticed Dazliare's ghost (amateur MiGl)
  4346 | D:4      | Reached skill level 2 in Conjurations
  4346 | D:4      | Reached skill level 2 in Hexes
  4346 | D:4      | Reached skill level 2 in Summonings
  4346 | D:4      | Reached skill level 2 in Necromancy
  4346 | D:4      | Reached skill level 2 in Translocations
  4346 | D:4      | Reached skill level 2 in Transmutations
  4346 | D:4      | Reached skill level 2 in Fire Magic
  4346 | D:4      | Reached skill level 2 in Ice Magic
  4346 | D:4      | Reached skill level 2 in Air Magic
  4346 | D:4      | Reached skill level 2 in Earth Magic
  4346 | D:4      | Reached skill level 2 in Poison Magic
  4634 | D:4      | Reached skill level 5 in Stealth
  4865 | D:4      | Reached skill level 3 in Invocations
  5069 | D:4      | Noticed Robin
  5085 | D:4      | Killed Robin
  5439 | D:4      | Identified a potion of resistance
  5488 | D:5      | Entered Level 5 of the Dungeon
  5536 | D:5      | Reached XP level 8. HP: 43/74 MP: 12/12
  5805 | D:5      | Found a staircase to the Ecumenical Temple.
  5816 | Temple   | Entered the Ecumenical Temple
  5906 | Temple   | Became a worshipper of Warmaster Okawaru
  6042 | D:5      | Found a basalt altar of Yredelemnul.
  6130 | D:5      | Reached skill level 4 in Long Blades
  6130 | D:5      | Reached skill level 4 in Bows
  6130 | D:5      | Reached skill level 4 in Armour
  6390 | D:5      | Reached skill level 3 in Short Blades
  6390 | D:5      | Reached skill level 3 in Axes
  6390 | D:5      | Reached skill level 3 in Maces & Flails
  6390 | D:5      | Reached skill level 3 in Polearms
  6390 | D:5      | Reached skill level 3 in Staves
  6390 | D:5      | Reached skill level 3 in Slings
  6390 | D:5      | Reached skill level 3 in Crossbows
  6390 | D:5      | Reached skill level 3 in Throwing
  6390 | D:5      | Reached skill level 3 in Dodging
  6390 | D:5      | Reached skill level 3 in Shields
  6390 | D:5      | Reached skill level 3 in Unarmed Combat
  6390 | D:5      | Reached skill level 3 in Spellcasting
  6390 | D:5      | Reached skill level 3 in Evocations
  7388 | D:6      | Noticed a two-headed ogre
  7396 | D:6      | Reached skill level 11 in Fighting
  7485 | D:6      | Killed a two-headed ogre
  7485 | D:6      | Reached * piety under Okawaru
  7486 | D:6      | Reached skill level 4 in Short Blades
  7486 | D:6      | Reached skill level 4 in Axes
  7486 | D:6      | Reached skill level 4 in Maces & Flails
  7486 | D:6      | Reached skill level 4 in Polearms
  7486 | D:6      | Reached skill level 4 in Staves
  7486 | D:6      | Reached skill level 4 in Slings
  7486 | D:6      | Reached skill level 4 in Crossbows
  7486 | D:6      | Reached skill level 4 in Throwing
  7486 | D:6      | Reached skill level 4 in Dodging
  7486 | D:6      | Reached skill level 4 in Shields
  7486 | D:6      | Reached skill level 4 in Unarmed Combat
  7486 | D:6      | Reached skill level 4 in Spellcasting
  7486 | D:6      | Reached skill level 3 in Conjurations
  7486 | D:6      | Reached skill level 3 in Hexes
  7486 | D:6      | Reached skill level 3 in Summonings
  7486 | D:6      | Reached skill level 3 in Necromancy
  7486 | D:6      | Reached skill level 3 in Translocations
  7486 | D:6      | Reached skill level 3 in Transmutations
  7486 | D:6      | Reached skill level 3 in Fire Magic
  7486 | D:6      | Reached skill level 3 in Ice Magic
  7486 | D:6      | Reached skill level 3 in Air Magic
  7486 | D:6      | Reached skill level 3 in Earth Magic
  7486 | D:6      | Reached skill level 3 in Poison Magic
  7486 | D:6      | Reached skill level 4 in Invocations
  7486 | D:6      | Reached skill level 4 in Evocations
  7486 | D:6      | Reached XP level 9. HP: 34/81 MP: 13/15
  7917 | D:6      | Slain by an orc warrior

Vanquished Creatures
  A two-headed ogre (D:6)
  Grinder (D:3)
  Sigmund (D:3)
  2 water moccasins
  2 centaurs (D:6)
  2 phantoms
  A bullfrog (D:4)
  A wyvern zombie (D:6)
  A scorpion (D:5)
  A centaur zombie (D:6)
  3 hounds
  An orc priest (D:4)
  Jessica (D:3)
  2 iguanas
  A killer bee zombie (D:6)
  A hound skeleton (D:4)
  Robin (D:4)
  4 gnolls
  10 adders
  A white imp (D:6)
  An adder zombie (D:5)
  2 worms
  14 orcs
  8 ball pythons
  2 bats (D:2)
  8 endoplasms
  2 giant cockroaches
  8 goblins
  8 hobgoblins
  A quokka (D:1)
  3 frilled lizards
  6 kobolds
  4 rats
105 creatures vanquished.

Table legend: (Time is in decaauts)
 A = Elapsed time spent in this place.
 B = Non-inter-level travel time spent in this place.
 C = Inter-level travel time spent in this place.
 D = Time resting spent in this place.
 E = Time spent auto-exploring this place.
 F = Levels seen in this place.
 G = Mean time per level.
                   A        B        C        D        E       F      G
               +--------+--------+--------+--------+--------+-----+--------+
         Total |   7977 |   7790 |    187 |   2177 |   4535 |   7 | 1139.6 |
       Dungeon |   7817 |   7699 |    118 |   2177 |   4461 |   6 | 1302.8 |
        Temple |    159 |     90 |     69 |      0 |     74 |   1 |  159.0 |
               +--------+--------+--------+--------+--------+-----+--------+

Top non-repeatable levels by time:
     D:2: 1642 daAuts
     D:5: 1466 daAuts
     D:3: 1341 daAuts
     D:4: 1323 daAuts
     D:1: 1224 daAuts
     D:6: 819 daAuts
  Temple: 159 daAuts

Table legend:
 A = Non-vault XP
 B = Vault XP
 C = Vault XP percentage of total XP
 D = Non-vault monster count
 E = Vault monster count
 F = Vault count percentage of total count
                 A         B        C        D         E       F
            +---------+---------+-------+---------+---------+-------
      Total |    1342 |    1710 |  56.0 |      80 |      25 |  23.8
            +---------+---------+-------+---------+---------+-------
        D:1 |      35 |       0 |   0.0 |      14 |       0 |   0.0
        D:2 |      46 |      32 |  41.0 |      11 |       5 |  31.2
        D:3 |      67 |     553 |  89.2 |      14 |       4 |  22.2
        D:4 |     315 |      36 |  10.3 |      20 |      12 |  37.5
        D:5 |     423 |       0 |   0.0 |      12 |       0 |   0.0
        D:6 |     456 |    1089 |  70.5 |       9 |       4 |  30.8
            +---------+---------+-------+---------+---------+-------
